 Dungeon Crawl Stone Soup version 0.17-a0-2118-g63bad21 (webtiles) character file.

599 4thArraOfDagon the Cleaver (level 7, -7/46 HPs)
             Began as an Octopode Berserker on Oct 20, 2015.
             Was a Believer of Trog.
             Mangled by Prince Ribbit (11 damage)
             ... on level 7 of the Dungeon.
             The game lasted 00:04:35 (837 turns).

4thArraOfDagon the Cleaver (Octopode Berserker)      Turns: 837, Time: 00:04:35

Health: -7/46      AC:  6    Str: 16    XL:     7   Next: 41%
Magic:  7/7        EV: 12    Int: 12    God:    Trog [**....]
Gold:   83         SH:  0    Dex: 11    Spells: 0 memorised, 6 levels left

rFire  . . .     SeeInvis .     o - +2 flail (protect)
rCold  . . .     Clarity  .     (no shield)
rNeg   . . .     SustAt   .     (helmet restricted)
rPois  .         Gourm    .     (no amulet)
rElec  .         Spirit   .     (no ring)
rCorr  .         Warding  .     (no ring)
rMut   .         Stasis   .     (no ring)
MR     ++...                    (no ring)
Stlth  ++........               (no ring)
                                (no ring)
                                (no ring)
                                (no ring)

@: regenerating, hasted, very quick, very resistant to hostile enchantments,
unstealthy
A: almost no armour, amphibious, 8 rings, constrict 8, camouflage 1, gelatinous
body 1
a: Berserk, Trog's Hand, Burn Spellbooks, Renounce Religion


You were on level 7 of the Dungeon.
You worshipped Trog.
Trog was pleased with you.
You were hungry.

You visited 1 branch of the dungeon, and saw 7 of its levels.

You collected 83 gold pieces.

Inventory:

Hand Weapons
 a - a +0 hand axe
 o - a +2 flail of protection (weapon)
 p - a +1 flail of holy wrath
Scrolls
 d - 4 scrolls of identify {unknown}
 f - 2 scrolls of random uselessness {unknown}
 h - a scroll of immolation {unknown}
 i - 2 scrolls of noise {unknown}
 j - 2 scrolls of amnesia {unknown}
 k - 2 scrolls of recharging {unknown}
 m - a scroll of teleportation {unknown}
Potions
 c - a potion of brilliance {unknown}
 e - a potion of might {unknown}
 g - a potion of lignification {unknown}
 n - a potion of haste
Comestibles
 b - 4 bread rations


   Skills:
 - Level 3.1 Fighting
 * Level 8.3 Axes
 - Level 3.0 Dodging


You had 6 spell levels left.
You didn't know any spells.

Dungeon Overview and Level Annotations

Branches:
Dungeon (7/15)
 Temple: D:4-7

Altars:
Vehumet

Annotations:
D:7 Prince Ribbit


Innate Abilities, Weirdness & Mutations

You cannot wear most types of armour.
You are amphibious.
You can wear up to eight rings at the same time.
You can use your tentacles to constrict eight enemies at once.
Your skin changes colour to match your surroundings (Stealth).
Your rubbery body absorbs attacks (AC +1).


Message History

Prince Ribbit is moderately wounded.
You constrict Prince Ribbit. The orc hits you but does no damage.
Prince Ribbit completely misses you.
Unknown command.
Use which ability?
Your skin crawls.
You feel resistant to hostile enchantments.
You feel slightly more hungry.
You constrict Prince Ribbit. Prince Ribbit hits you!
* * * LOW HITPOINT WARNING * * *
The orc hits you but does no damage. Prince Ribbit hits you.
* * * LOW HITPOINT WARNING * * *
Unknown command.
Unknown command.
You aren't carrying any items that can be evoked.
Unknown command.
Drink which item? (? for menu, Esc to quit)
It was a potion of haste.
You feel yourself speed up.
You constrict Prince Ribbit. Prince Ribbit hits you!
You die...

#.....##..#
#..# #..<..#
#..#
###...####..#
#......#..##
#......#...#
###.##...#.##
#####..#..#
#>........#
#..#.o@....#
o.
#..##F##...#
#.# #)# #..#
#. ..# .# .
##.# . o. #..
###


You could see Prince Ribbit and an orc.

Vanquished Creatures
  A black bear (D:7)
  An ice beast (D:6)
  2 centaurs (D:6)
  A crimson imp (D:6)
  An orc priest (D:4)
  Ijyb (D:2)
  2 orc wizards
  A worker ant (D:6)
  A hound skeleton (D:6)
  An adder (D:2)
  15 orcs
  A ball python (D:3)
  3 bats
  3 hobgoblins
  3 jackals (D:2)
  12 goblins
  2 kobolds
  A rat (D:3)
52 creatures vanquished.

Notes
Turn   | Place    | Note
--------------------------------------------------------------
     0 | D:1      | 4thArraOfDagon the Octopode Berserker began the quest for the Orb.
     0 | D:1      | Reached XP level 1. HP: 16/16 MP: 1/1
   136 | D:2      | Reached XP level 2. HP: 6/21 MP: 2/2
   213 | D:2      | Noticed Ijyb
   219 | D:2      | Killed Ijyb
   219 | D:2      | Reached skill level 4 in Axes
   219 | D:2      | Reached XP level 3. HP: 22/26 MP: 3/3
   400 | D:3      | Reached XP level 4. HP: 25/31 MP: 4/4
   402 | D:3      | Found a radiant altar of Vehumet.
   414 | D:3      | Reached ** piety under Trog
   473 | D:4      | Reached skill level 5 in Axes
   513 | D:4      | Reached XP level 5. HP: 29/36 MP: 5/5
   543 | D:5      | Entered Level 5 of the Dungeon
   567 | D:6      | Noticed a centaur
   574 | D:6      | Killed a centaur
   574 | D:6      | Reached skill level 6 in Axes
   599 | D:6      | Noticed a centaur
   624 | D:6      | Killed a centaur
   624 | D:6      | Reached XP level 6. HP: 15/42 MP: 6/6
   646 | D:6      | Reached skill level 7 in Axes
   692 | D:6      | Noticed an ice beast
   704 | D:6      | Killed an ice beast
   704 | D:6      | Reached XP level 7. HP: 46/46 MP: 7/7
   785 | D:7      | Reached skill level 8 in Axes
   834 | D:7      | Noticed Prince Ribbit
   837 | D:7      | Mangled by Prince Ribbit

Vault maps used:
D:1:      ncdulo_smallfort, serial_bayou_lake_a
D:2:      kennysheep_goblin_castle, first_bread, uniq_robin, uniq_jessica
D:3:      lemuel_doored_altar, vehumet_crystals
D:4:      uniq_eustachio, uniq_menkaure
D:5:      grunt_temple_overflow_forces_of_nature,
          nemelex_xobeh_ov_fountains_minmay
D:6:      wad_pebble_path, overflow_temple_1_default, zin_statuary,
          kennysheep_generic_room_12
D:7:      temple_doors_c, uniq_pikel, uniq_prince_ribbit1

Action                   |  1- 3 |  4- 6 |  7- 9 || total
-------------------------+-------+-------+-------++-------
Melee: Hand axe          |    32 |     9 |       ||    41
       Flail             |       |    22 |    29 ||    51
Invok: Berserk           |     2 |     5 |     1 ||     8
       Trog's Hand       |       |     2 |     3 ||     5
  Use: Potion            |       |       |     1 ||     1
 Stab: Sleeping          |     4 |     1 |       ||     5
  Eat: Chunk             |     1 |     3 |     1 ||     5
       Fruit             |       |     2 |       ||     2
       Beef jerky        |       |     1 |       ||     1
